Workbook

Sheet TDSheet
A1: კოდი | C1: დასახელება | D1: Заб. | E1: Акт. | F1: GE | G1: check | H1: English Name | I1: Level one | J1: Level 2
A2: 0 | C2: დამხმარე ანგარიში | D2: არა | E2: АП | F2: =VLOOKUP($A2,Sheet1!A:D,2,FALSE) -> #N/A | G2: T | H2: Supplementary Account | I2: =RIGHT($A2,3) -> 0 | J2: =RIGHT($A2,2) -> 0
A3: 1000 | C3: მიმდინარე აქტივები | D3: არა | E3: АП | F3: =VLOOKUP($A3,Sheet1!$A:$D,2,FALSE) -> მიმდინარე აქტივები | G3: =EXACT(C3,F3) -> TRUE | H3: Current assets | I3: =RIGHT(A3,3) -> 000 | J3: =RIGHT($A3,2) -> 00
A4: 1100 | C4: ნაღდი ფული სალაროში | D4: არა | E4: А | F4: =VLOOKUP($A4,Sheet1!A:D,2,FALSE) -> ნაღდი ფული სალაროში | G4: =EXACT(C4,F4) -> TRUE | H4: Cash on Hand | I4: =RIGHT(A4,3) -> 100 | J4: =RIGHT($A4,2) -> 00
A5: 1110 | C5: ნაღდი ფული ეროვნულ ვალუტაში | D5: არა | E5: А | F5: =VLOOKUP($A5,Sheet1!A:D,2,FALSE) -> ნაღდი ფული ეროვნულ ვალუტაში | G5: =EXACT(C5,F5) -> TRUE | H5: Cash on hand national currency | I5: =RIGHT(A5,3) -> 110 | J5: =RIGHT($A5,2) -> 10
A6: 1120 | C6: ნაღდი ფული უცხოურ ვალუტაში | D6: არა | E6: А | F6: =VLOOKUP($A6,Sheet1!A:D,2,FALSE) -> ნაღდი ფული უცხოურ ვალუტაში | G6: =EXACT(C6,F6) -> TRUE | H6: Cash on hand foreign currency | I6: =RIGHT(A6,3) -> 120 | J6: =RIGHT($A6,2) -> 20
A7: 1200 | C7: ფული საბანკო ანგარიშებზე | D7: არა | E7: А | F7: =VLOOKUP($A7,Sheet1!A:D,2,FALSE) -> ფული საბანკო ანგარიშებზე | G7: =EXACT(C7,F7) -> TRUE | H7: Cash in Bank | I7: =RIGHT(A7,3) -> 200 | J7: =RIGHT($A7,2) -> 00
A8: 1210 | C8: ეროვნული ვალუტა რეზიდენტ ბანკში | D8: არა | E8: А | F8: =VLOOKUP($A8,Sheet1!A:D,2,FALSE) -> ეროვნული ვალუტა რეზიდენტ ბანკში | G8: =EXACT(C8,F8) -> TRUE | H8: Bank - national currency (resident banks) | I8: =RIGHT(A8,3) -> 210 | J8: =RIGHT($A8,2) -> 10
A9: 1220 | C9: უცხოური ვალუტა რეზიდენტ ბანკში | D9: არა | E9: А | F9: =VLOOKUP($A9,Sheet1!A:D,2,FALSE) -> უცხოური ვალუტა რეზიდენტ ბანკში | G9: =EXACT(C9,F9) -> TRUE | H9: Bank - foreign currency (resident banks) | I9: =RIGHT(A9,3) -> 220 | J9: =RIGHT($A9,2) -> 20
A10: 1230 | C10: უცხოური ვალუტა არარეზიდენტ ბანკში | D10: არა | E10: А | F10: =VLOOKUP($A10,Sheet1!A:D,2,FALSE) -> უცხოური ვალუტა არარეზიდენტ ბანკში | G10: =EXACT(C10,F10) -> TRUE | H10: International Bank-foreign currency | I10: =RIGHT(A10,3) -> 230 | J10: =RIGHT($A10,2) -> 30
A11: 1290 | C11: ტრანზიტული ანგარიში დაფინანსებიდან | D11: არა | E11: А | F11: =VLOOKUP($A11,Sheet1!A:D,2,FALSE) -> ფული სხვა საბანკო ანგარიშებზე | G11: t | H11: Transit account from financing | I11: =RIGHT(A11,3) -> 290 | J11: =RIGHT($A11,2) -> 90
A12: 1291 | C12: ფული გზაში | D12: არა | E12: А | F12: =VLOOKUP($A12,Sheet1!A:D,2,FALSE) -> #N/A | G12: t | H12: Cash in transit | I12: =RIGHT(A12,3) -> 291 | J12: =RIGHT($A12,2) -> 91
A13: 1292 | C13: საბანკო გარანტიები | D13: დიახ | E13: А | F13: =VLOOKUP($A13,Sheet1!A:D,2,FALSE) -> #N/A | G13: t | H13: Bank Guarantees | I13: =RIGHT(A13,3) -> 292 | J13: =RIGHT($A13,2) -> 92
A14: 1300 | C14: მოკლევადიანი ინვესტიციები | D14: არა | E14: А | F14: =VLOOKUP($A14,Sheet1!A:D,2,FALSE) -> მოკლევადიანი ინვესტიციები | G14: =EXACT(C14,F14) -> TRUE | H14: Short - term investments | I14: =RIGHT(A14,3) -> 300 | J14: =RIGHT($A14,2) -> 00
A15: 1310 | C15: მოკლევადიანი ინვესტიციები საწარმოთა ფასიან | D15: არა | E15: А | F15: =VLOOKUP($A15,Sheet1!A:D,2,FALSE) -> მოკლევად.ინვესტ.საწარმ.ფასიან ქაღალდებში | G15: t | H15: Marketable securities | I15: =RIGHT(A15,3) -> 310 | J15: =RIGHT($A15,2) -> 10
A16: 1320 | C16: მოკლევადიანი ინვესტიციები სახელმწიფო ფასიან | D16: არა | E16: А | F16: =VLOOKUP($A16,Sheet1!A:D,2,FALSE) -> მოკლევად. ინვესტიც.სახ.ფასიან ქაღალდებში | G16: t | H16: Government securities | I16: =RIGHT(A16,3) -> 320 | J16: =RIGHT($A16,2) -> 20
A17: 1330 | C17: გრძელვადიანი ინვესტიციების მიმდინარე ნაწილი | D17: არა | E17: А | F17: =VLOOKUP($A17,Sheet1!A:D,2,FALSE) -> გრძელვად. ინვესტიციების მიმდინარე ნაწილი | G17: t | H17: Current portion of long-term investments | I17: =RIGHT(A17,3) -> 330 | J17: =RIGHT($A17,2) -> 30
A18: 1390 | C18: სხვა მოკლევადიანი ინვესტიციები | D18: არა | E18: А | F18: =VLOOKUP($A18,Sheet1!A:D,2,FALSE) -> სხვა მოკლევადიანი ინვესტიციები | G18: =EXACT(C18,F18) -> TRUE | H18: Other short - term investments | I18: =RIGHT(A18,3) -> 390 | J18: =RIGHT($A18,2) -> 90
A19: 1400 | C19: მოკლევადიანი მოთხოვნები | D19: არა | E19: А | F19: =VLOOKUP($A19,Sheet1!A:D,2,FALSE) -> მოკლევადიანი მოთხოვნები | G19: =EXACT(C19,F19) -> TRUE | H19: Receivables | I19: =RIGHT(A19,3) -> 400 | J19: =RIGHT($A19,2) -> 00
A20: 1410 | C20: მოთხოვნები მიწოდებიდან და მომსახურებიდან | D20: არა | E20: А | F20: =VLOOKUP($A20,Sheet1!A:D,2,FALSE) -> მოთხოვნები მიწოდებიდან და მომსახურებიდან | G20: =EXACT(C20,F20) -> TRUE | H20: Accounts receivable - trade | I20: =RIGHT(A20,3) -> 410 | J20: =RIGHT($A20,2) -> 10
A21: 1410.01 | C21: ძირითადი მოთხოვნები მიწოდებიდან და მომსახურებიდან | D21: არა | E21: А | F21: =VLOOKUP($A21,Sheet1!A:D,2,FALSE) -> #N/A | G21: t | H21: Acc. Receivable. Principal | I21: =RIGHT(A21,3) -> .01 | J21: =RIGHT($A21,2) -> 01
A22: 1410.02 | C22: საურავი მოთხოვნებიდან მიწ. და მომს. | D22: არა | E22: А | F22: =VLOOKUP($A22,Sheet1!A:D,2,FALSE) -> #N/A | G22: t | H22: Acc. Receivable. Fines | I22: =RIGHT(A22,3) -> .02 | J22: =RIGHT($A22,2) -> 02
A23: 1410.03 | C23: ძველი მოთხოვნები მიწოდებიდან და მომსახურებიდან | D23: არა | E23: А | F23: =VLOOKUP($A23,Sheet1!A:D,2,FALSE) -> #N/A | G23: t | H23: Acc. Receivable. Old | I23: =RIGHT(A23,3) -> .03 | J23: =RIGHT($A23,2) -> 03
A24: 1412 | C24: თელასის დისკონტირებული ღირებულების სხვაობა | D24: არა | E24: П | F24: =VLOOKUP($A24,Sheet1!A:D,2,FALSE) -> #N/A | G24: t | H24: Difference of Telesis Discounted | I24: =RIGHT(A24,3) -> 412 | J24: =RIGHT($A24,2) -> 12
A25: 1413 | C25: საეჭვო მოთხოვნები სავაჭრო დებიტორებიდან | D25: არა | E25: П | F25: =VLOOKUP($A25,Sheet1!A:D,2,FALSE) -> #N/A | G25: t | H25: Doubtful Acc. Receivables from trade debtors | I25: =RIGHT(A25,3) -> 413 | J25: =RIGHT($A25,2) -> 13
A26: 1414 | C26: ძირითადი მოთხოვნები მიწოდებიდან და მომსახურებიდან | D26: არა | E26: А | F26: =VLOOKUP($A26,Sheet1!A:D,2,FALSE) -> #N/A | G26: t | H26: The basic Acc receivables (?) | I26: =RIGHT(A26,3) -> 414 | J26: =RIGHT($A26,2) -> 14
A27: 1415 | D27: არა | E27: А | I27: =RIGHT(A27,3) -> 415 | J27: =RIGHT($A27,2) -> 15
A28: 1416 | C28: საეჭვო მოთხოვნები სხვა აქტივებიდან | D28: არა | E28: П | F28: =VLOOKUP($A28,Sheet1!A:D,2,FALSE) -> #N/A | G28: t | H28: Doubtful receivables from other assets | I28: =RIGHT(A28,3) -> 416 | J28: =RIGHT($A28,2) -> 16
A29: 1420 | C29: მოთხოვნები მეკავშირე საწარმოს მიმართ | D29: არა | E29: А | F29: =VLOOKUP($A29,Sheet1!A:D,2,FALSE) -> მოთხოვნები მეკავშირე საწარმოს მიმართ | G29: =EXACT(C29,F29) -> TRUE | H29: Accounts receivable from subsidiaries | I29: =RIGHT(A29,3) -> 420 | J29: =RIGHT($A29,2) -> 20
A30: 1430 | C30: მოთხოვნები საწარმოს პერსონალის მიმართ | D30: არა | E30: АП | F30: =VLOOKUP($A30,Sheet1!A:D,2,FALSE) -> მოთხოვნები საწარმოს პერსონალის მიმართ | G30: =EXACT(C30,F30) -> TRUE | H30: Accounts receivable - employees | I30: =RIGHT(A30,3) -> 430 | J30: =RIGHT($A30,2) -> 30
A31: 1430.01 | C31: ანგარიშსწორება მივლინებით | D31: არა | E31: АП | F31: =VLOOKUP($A31,Sheet1!A:D,2,FALSE) -> #N/A | G31: t | H31: Advances on Business Trip | I31: =RIGHT(A31,3) -> .01 | J31: =RIGHT($A31,2) -> 01
A32: 1430.02 | C32: ანგარიშსწორება საქვენგარიშო თანხებით | D32: არა | E32: АП | F32: =VLOOKUP($A32,Sheet1!A:D,2,FALSE) -> #N/A | G32: t | H32: Imprest | I32: =RIGHT(A32,3) -> .02 | J32: =RIGHT($A32,2) -> 02
A33: 1430.03 | C33: ანგარიშსწორება დანაკლისებით | D33: არა | E33: АП | F33: =VLOOKUP($A33,Sheet1!A:D,2,FALSE) -> #N/A | G33: t | H33: Settlement by deficit | I33: =RIGHT(A33,3) -> .03 | J33: =RIGHT($A33,2) -> 03
A34: 1430.04 | C34: სხვა მოთხოვნები ანგარიშვალდებული პირების მიმართ | D34: არა | E34: АП | F34: =VLOOKUP($A34,Sheet1!A:D,2,FALSE) -> #N/A | G34: t | H34: Other requirements from person accountable | I34: =RIGHT(A34,3) -> .04 | J34: =RIGHT($A34,2) -> 04
A35: 1432 | C35: სატრანზიტო | D35: არა | E35: АП | F35: =VLOOKUP($A35,Sheet1!A:D,2,FALSE) -> #N/A | G35: t | H35: Transit account | I35: =RIGHT(A35,3) -> 432 | J35: =RIGHT($A35,2) -> 32
A36: 1435 | C36: თანამშრომლებზე გაცემული ავანსები | D36: არა | E36: А | F36: =VLOOKUP($A36,Sheet1!A:D,2,FALSE) -> #N/A | G36: t | H36: Advance Payment to Employers | I36: =RIGHT(A36,3) -> 435 | J36: =RIGHT($A36,2) -> 35
A37: 1445 | C37: მოთხოვნები ხელმძღვანელებისა და | D37: არა | E37: А | F37: =VLOOKUP($A37,Sheet1!A:D,2,FALSE) -> #N/A | G37: t | H37: Requirements from Management | I37: =RIGHT(A37,3) -> 445 | J37: =RIGHT($A37,2) -> 45
A38: 1450 | C38: მოთხოვნები პარტნიორებზე გაცემული სესხიდან | D38: არა | E38: А | F38: =VLOOKUP($A38,Sheet1!A:D,2,FALSE) -> მოთხ.პარტნიორებზე გაცემული სესხიდან | G38: t | H38: Receivables from loans to partners | I38: =RIGHT(A38,3) -> 450 | J38: =RIGHT($A38,2) -> 50
A39: 1460 | C39: მოთხოვნა კაპიტალის შევსებაზე | D39: არა | E39: А | F39: =VLOOKUP($A39,Sheet1!A:D,2,FALSE) -> კაპიტ.შევს.პარტნ.გრძელვ.მოთხ.მიმდ.ნაწილი | G39: t | H39: Requirement on capital replenishment | I39: =RIGHT(A39,3) -> 460 | J39: =RIGHT($A39,2) -> 60
A40: 1461 | C40: მოთხოვნა დამფუძნებლების მიმართ | D40: არა | E40: А | F40: =VLOOKUP($A40,Sheet1!A:D,2,FALSE) -> #N/A | G40: t | H40: Requirements to Shareholders | I40: =RIGHT(A40,3) -> 461 | J40: =RIGHT($A40,2) -> 61
A41: 1470 | C41: გრძელვადიანი მოთხოვნების მიმდინარე ნაწილი | D41: არა | E41: А | F41: =VLOOKUP($A41,Sheet1!A:D,2,FALSE) -> გრძელვ.მოთხოვნების მიმდინარე ნაწილი | G41: t | H41: Current portion of long-term receivables | I41: =RIGHT(A41,3) -> 470 | J41: =RIGHT($A41,2) -> 70
A42: 1480 | C42: მომწოდებელზე გადახდილი ავანსები | D42: არა | E42: А | F42: =VLOOKUP($A42,Sheet1!A:D,2,FALSE) -> მომწოდებლებზე გადახდილი ავანსები | G42: t | H42: Prepayments to suppliers | I42: =RIGHT(A42,3) -> 480 | J42: =RIGHT($A42,2) -> 80
A43: 1480.01 | C43: მომწოდებელზე გადახდილი ავანსები | D43: არა | E43: А | F43: =VLOOKUP($A43,Sheet1!A:D,2,FALSE) -> #N/A | G43: t | H43: Advance payments to suppliers | I43: =RIGHT(A43,3) -> .01 | J43: =RIGHT($A43,2) -> 01
A44: 1481 | C44: არარეზიდენტ კონტრაქტორებზე გადახდილი ავანსები | D44: არა | E44: А | F44: =VLOOKUP($A44,Sheet1!A:D,2,FALSE) -> #N/A | G44: t | H44: Advances to non resident contractors | I44: =RIGHT(A44,3) -> 481 | J44: =RIGHT($A44,2) -> 81
A45: 1490 | C45: სხვა მოკლევადიანი მოთხოვნები | D45: არა | E45: АП | F45: =VLOOKUP($A45,Sheet1!A:D,2,FALSE) -> სხვა მოკლევადიანი მოთხოვნები | G45: =EXACT(C45,F45) -> TRUE | H45: Other short term receivables | I45: =RIGHT(A45,3) -> 490 | J45: =RIGHT($A45,2) -> 90
A46: 1491 | C46: მომწოდებლებზე გაცემული საბანკო გარანტია | D46: დიახ | E46: АП | F46: =VLOOKUP($A46,Sheet1!A:D,2,FALSE) -> #N/A | G46: t | H46: A bank guarantee issued to suppliers | I46: =RIGHT(A46,3) -> 491 | J46: =RIGHT($A46,2) -> 91
A47: 1500 | C47: მოკლევადიანი სათამასუქო მოთხოვნები | D47: არა | E47: А | F47: =VLOOKUP($A47,Sheet1!A:D,2,FALSE) -> მოკლევადიანი სათამასუქო მოთხოვნები | G47: =EXACT(C47,F47) -> TRUE | H47: Short term Notes Receivable | I47: =RIGHT(A47,3) -> 500 | J47: =RIGHT($A47,2) -> 00
A48: 1510 | C48: მიღებული მოკლევადიანი თამასუქები | D48: არა | E48: А | F48: =VLOOKUP($A48,Sheet1!A:D,2,FALSE) -> მიღებული მოკლევადიანი თამასუქები | G48: =EXACT(C48,F48) -> TRUE | H48: Notes receivable due within one year | I48: =RIGHT(A48,3) -> 510 | J48: =RIGHT($A48,2) -> 10
A49: 1520 | C49: მიღებული გრძელვადიანი თამასუქები | D49: არა | E49: А | F49: =VLOOKUP($A49,Sheet1!A:D,2,FALSE) -> მიღებული გრძელვად.თამასუქების მიმდ.ნაწილ | G49: t | H49: Long-term notes receivable (?) | I49: =RIGHT(A49,3) -> 520 | J49: =RIGHT($A49,2) -> 20
A50: 1600 | C50: სასაქონლო-მატერიალური მარაგი | D50: არა | E50: А | F50: =VLOOKUP($A50,Sheet1!A:D,2,FALSE) -> სასაქონლო--მატერიალური მარაგი | G50: t | H50: Inventory | I50: =RIGHT(A50,3) -> 600 | J50: =RIGHT($A50,2) -> 00
A51: 1601 | C51: მარაგების გაუფასურების რეზერვი | D51: არა | E51: П | F51: =VLOOKUP($A51,Sheet1!A:D,2,FALSE) -> #N/A | G51: t | H51: Impairment reserve of stocks | I51: =RIGHT(A51,3) -> 601 | J51: =RIGHT($A51,2) -> 01
A52: 1610 | C52: საქონელი | D52: არა | E52: А | F52: =VLOOKUP($A52,Sheet1!A:D,2,FALSE) -> საქონელი | G52: t | H52: Goods | I52: =RIGHT(A52,3) -> 610 | J52: =RIGHT($A52,2) -> 10
A53: 1611 | C53: საქონელი დროებით შენახვაზე | D53: არა | E53: А | F53: =VLOOKUP($A53,Sheet1!A:D,2,FALSE) -> #N/A | G53: t | H53: Goods passed to third party on storage | I53: =RIGHT(A53,3) -> 611 | J53: =RIGHT($A53,2) -> 11
A54: 1615 | C54: დასაბრუნებელი ტარა | D54: არა | E54: А | F54: =VLOOKUP($A54,Sheet1!A:D,2,FALSE) -> #N/A | G54: t | H54: Returnable tare | I54: =RIGHT(A54,3) -> 615 | J54: =RIGHT($A54,2) -> 15
A55: 1620 | C55: ნედლეული და მასალები | D55: არა | E55: А | F55: =VLOOKUP($A55,Sheet1!A:D,2,FALSE) -> ნედლეული და მასალები | G55: =EXACT(C55,F55) -> TRUE | H55: Raw materials inventory | I55: =RIGHT(A55,3) -> 620 | J55: =RIGHT($A55,2) -> 20
A56: 1621 | C56: მასალები გადამუშვებაში (გარე ორგ.) | D56: არა | E56: А | F56: =VLOOKUP($A56,Sheet1!A:D,2,FALSE) -> #N/A | G56: t | H56: Work in Progress | I56: =RIGHT(A56,3) -> 621 | J56: =RIGHT($A56,2) -> 21
A57: 1622 | C57: სპეცტანსაცმელი ექსპულატაციაში | D57: არა | E57: А | F57: =VLOOKUP($A57,Sheet1!A:D,2,FALSE) -> #N/A | G57: t | H57: Overalls in Operation (in Usage) | I57: =RIGHT(A57,3) -> 622 | J57: =RIGHT($A57,2) -> 22
A58: 1623 | C58: სპეც. აღჭურვილობა ექსპულატაციაში | D58: არა | E58: А | F58: =VLOOKUP($A58,Sheet1!A:D,2,FALSE) -> #N/A | G58: t | H58: Special Equipment in Operation (in exploitation) | I58: =RIGHT(A58,3) -> 623 | J58: =RIGHT($A58,2) -> 23
A59: 1630 | C59: საწვავი | D59: არა | E59: А | F59: =VLOOKUP($A59,Sheet1!A:D,2,FALSE) -> დაუმთავრებელი წარმოება | G59: t | H59: Fuel | I59: =RIGHT(A59,3) -> 630 | J59: =RIGHT($A59,2) -> 30
A60: 1631 | C60: საწვავი ავტომანქანებზე | D60: არა | E60: А | F60: =VLOOKUP($A60,Sheet1!A:D,2,FALSE) -> #N/A | G60: t | H60: Fuel for Cars | I60: =RIGHT(A60,3) -> 631 | J60: =RIGHT($A60,2) -> 31
A61: 1640 | C61: მონობარათები | D61: არა | E61: А | F61: =VLOOKUP($A61,Sheet1!A:D,2,FALSE) -> მზა პროდუქცია | G61: t | H61: Mono Cards (Mobile phone plastic cards) | I61: =RIGHT(A61,3) -> 640 | J61: =RIGHT($A61,2) -> 40
A62: 1641 | C62: საწვავის პლასტიკური ბარათები | D62: არა | E62: А | F62: =VLOOKUP($A62,Sheet1!A:D,2,FALSE) -> #N/A | G62: t | H62: Fuel plastic Cards | I62: =RIGHT(A62,3) -> 641 | J62: =RIGHT($A62,2) -> 41
A63: 1650 | C63: ავტომანქანის რეცხვის ტალონები | D63: არა | E63: А | F63: =VLOOKUP($A63,Sheet1!A:D,2,FALSE) -> #N/A | G63: t | H63: Car wash plastic cards | I63: =RIGHT(A63,3) -> 650 | J63: =RIGHT($A63,2) -> 50
A64: 1660 | C64: მასალები ანგარიშვალდებულ პირებზე | D64: არა | E64: А | F64: =VLOOKUP($A64,Sheet1!A:D,2,FALSE) -> #N/A | G64: t | H64: Goods delivered to accountable persons | I64: =RIGHT(A64,3) -> 660 | J64: =RIGHT($A64,2) -> 60
A65: 1680 | C65: საერთო საწარმოო ხარჯები | D65: არა | E65: А | F65: =VLOOKUP($A65,Sheet1!A:D,2,FALSE) -> #N/A | G65: t | H65: Production Costs (?) | I65: =RIGHT(A65,3) -> 680 | J65: =RIGHT($A65,2) -> 80
A66: 1681 | C66: სადისტრიბუციოდ გადატვირთული საქონელი | D66: არა | E66: А | F66: =VLOOKUP($A66,Sheet1!A:D,2,FALSE) -> #N/A | G66: t | H66: Transshipped goods for distribution (?) | I66: =RIGHT(A66,3) -> 681 | J66: =RIGHT($A66,2) -> 81
A67: 1682 | C67: გადატვირთული საქონელი | D67: არა | E67: А | F67: =VLOOKUP($A67,Sheet1!A:D,2,FALSE) -> #N/A | G67: t | H67: Transshipped goods | I67: =RIGHT(A67,3) -> 682 | J67: =RIGHT($A67,2) -> 82
... A70: 1685 | C70: დაუმთავრებელი წარმოება | D70: არა | E70: А | F70: =VLOOKUP($A70,Sheet1!A:D,2,FALSE) -> #N/A | G70: t | H70: Unfinished production | I70: =RIGHT(A70,3) -> 685 | J70: =RIGHT($A70,2) -> 85
A71: 1690 | C71: სხვა სასაქონლო-მატერიალური მარაგი | D71: არა | E71: А | F71: =VLOOKUP($A71,Sheet1!A:D,2,FALSE) -> სხვა სასაქონლო-მატერიალური მარაგი | G71: =EXACT(C71,F71) -> TRUE | H71: Other inventory (fuel, tare) | I71: =RIGHT(A71,3) -> 690 | J71: =RIGHT($A71,2) -> 90
A72: 1700 | C72: წინასწარ გაწეული ხარჯები | D72: არა | E72: А | F72: =VLOOKUP($A72,Sheet1!A:D,2,FALSE) -> წინასწარ გაწეული ხარჯები | G72: =EXACT(C72,F72) -> TRUE | H72: Prepaid expenses | I72: =RIGHT(A72,3) -> 700 | J72: =RIGHT($A72,2) -> 00
A73: 1710 | C73: სხვა წინასწარ გაწეული ხარჯი | D73: არა | E73: А | F73: =VLOOKUP($A73,Sheet1!A:D,2,FALSE) -> წინასწარ ანაზღაურებული მომსახურება | G73: t | H73: Other prepaid expenses | I73: =RIGHT(A73,3) -> 710 | J73: =RIGHT($A73,2) -> 10
A74: 1720 | C74: წინასწარ გაწეული საბაჟო ხარჯები | D74: არა | E74: А | F74: =VLOOKUP($A74,Sheet1!A:D,2,FALSE) -> წინასწარ გადახდილი საიჯარო ქირა | G74: t | H74: Prepaid Custom Expenses | I74: =RIGHT(A74,3) -> 720 | J74: =RIGHT($A74,2) -> 20
A75: 1800 | C75: დარიცხული მოთხოვნები | D75: არა | E75: А | F75: =VLOOKUP($A75,Sheet1!A:D,2,FALSE) -> დარიცხული მოთხოვნები | G75: =EXACT(C75,F75) -> TRUE | H75: Accrued receivables | I75: =RIGHT(A75,3) -> 800 | J75: =RIGHT($A75,2) -> 00
A76: 1810 | C76: მისაღები დივიდენდები | D76: არა | E76: А | F76: =VLOOKUP($A76,Sheet1!A:D,2,FALSE) -> მისაღები დივიდენდები | G76: =EXACT(C76,F76) -> TRUE | H76: Accrued dividends receivable | I76: =RIGHT(A76,3) -> 810 | J76: =RIGHT($A76,2) -> 10
A77: 1820 | C77: მისაღები პროცენტები | D77: არა | E77: А | F77: =VLOOKUP($A77,Sheet1!A:D,2,FALSE) -> მისაღები პროცენტები | G77: =EXACT(C77,F77) -> TRUE | H77: Accrued interest receivable | I77: =RIGHT(A77,3) -> 820 | J77: =RIGHT($A77,2) -> 20
A78: 1890 | C78: გაცემული მოკლევადიანი სესხები | D78: არა | E78: А | F78: =VLOOKUP($A78,Sheet1!A:D,2,FALSE) -> სხვა დარიცხული მოთხოვნები | G78: t | H78: Short-term loans granted | I78: =RIGHT(A78,3) -> 890 | J78: =RIGHT($A78,2) -> 90
A79: 1900 | C79: სხვა მიმდინარე აქტივები | D79: არა | E79: А | F79: =VLOOKUP($A79,Sheet1!A:D,2,FALSE) -> სხვა მიმდინარე აქტივები | G79: =EXACT(C79,F79) -> TRUE | H79: Other Current Assets | I79: =RIGHT(A79,3) -> 900 | J79: =RIGHT($A79,2) -> 00
A80: 1910 | C80: სხვა მიმდინარე აქტივები | D80: არა | E80: А | F80: =VLOOKUP($A80,Sheet1!A:D,2,FALSE) -> სხვა მიმდინარე აქტივები | G80: =EXACT(C80,F80) -> TRUE | H80: Current assets - other | I80: =RIGHT(A80,3) -> 910 | J80: =RIGHT($A80,2) -> 10
A81: 1920 | C81: საქონელი გზაში | D81: არა | E81: А | F81: =VLOOKUP($A81,Sheet1!A:D,2,FALSE) -> #N/A | G81: t | H81: Goods in transit | I81: =RIGHT(A81,3) -> 920 | J81: =RIGHT($A81,2) -> 20
A82: 2000 | C82: გრძელვადიანი აქტივები | D82: არა | E82: А | F82: =VLOOKUP($A82,Sheet1!A:D,2,FALSE) -> გრძელვადიანი აქტივები | G82: =EXACT(C82,F82) -> TRUE | H82: Long - Term Assets | I82: =RIGHT(A82,3) -> 000 | J82: =RIGHT($A82,2) -> 00
A83: 2100 | C83: ძირითადი საშუალებები | D83: არა | E83: А | F83: =VLOOKUP($A83,Sheet1!A:D,2,FALSE) -> ძირითადი საშუალებები | G83: =EXACT(C83,F83) -> TRUE | H83: Fixed assets | I83: =RIGHT(A83,3) -> 100 | J83: =RIGHT($A83,2) -> 00
A84: 2101 | C84: ძირითადი საშუალებები კვლლევის პროცესში(ქუთაისის დამწვარი შენობის მოწყ-ბები) | D84: არა | E84: А | F84: =VLOOKUP($A84,Sheet1!A:D,2,FALSE) -> #N/A | G84: t | H84: FA in review process (Kutaisi Burned Building equipment) | I84: =RIGHT(A84,3) -> 101 | J84: =RIGHT($A84,2) -> 01
A85: 2110 | C85: მიწის ნაკვეთები | D85: არა | E85: А | F85: =VLOOKUP($A85,Sheet1!A:D,2,FALSE) -> მიწის ნაკვეთები | G85: =EXACT(C85,F85) -> TRUE | H85: Land | I85: =RIGHT(A85,3) -> 110 | J85: =RIGHT($A85,2) -> 10
A86: 2121 | C86: დემონტირებული და ძველი მოწყობილობები | D86: არა | E86: А | F86: =VLOOKUP($A86,Sheet1!A:D,2,FALSE) -> #N/A | G86: t | H86: Dismantled and old Equipment | I86: =RIGHT(A86,3) -> 121 | J86: =RIGHT($A86,2) -> 21
A87: 2130 | C87: შენობები | D87: არა | E87: А | F87: =VLOOKUP($A87,Sheet1!A:D,2,FALSE) -> შენობები | G87: =EXACT(C87,F87) -> TRUE | H87: Buildings | I87: =RIGHT(A87,3) -> 130 | J87: =RIGHT($A87,2) -> 30
A88: 2140 | C88: ნაგებობები | D88: არა | E88: А | F88: =VLOOKUP($A88,Sheet1!A:D,2,FALSE) -> ნაგებობები | G88: =EXACT(C88,F88) -> TRUE | H88: Constructions | I88: =RIGHT(A88,3) -> 140 | J88: =RIGHT($A88,2) -> 40
A89: 2150 | C89: მანქანა-დანადგარები | D89: არა | E89: А | F89: =VLOOKUP($A89,Sheet1!A:D,2,FALSE) -> მანქანა-დანადგარები | G89: =EXACT(C89,F89) -> TRUE | H89: Machinery and equipment | I89: =RIGHT(A89,3) -> 150 | J89: =RIGHT($A89,2) -> 50
A90: 2151 | C90: ინსტრუმენტები | D90: არა | E90: А | F90: =VLOOKUP($A90,Sheet1!A:D,2,FALSE) -> #N/A | G90: t | H90: Tools | I90: =RIGHT(A90,3) -> 151 | J90: =RIGHT($A90,2) -> 51
A91: 2155 | C91: გადამცემი ხაზები | D91: არა | E91: А | F91: =VLOOKUP($A91,Sheet1!A:D,2,FALSE) -> #N/A | G91: t | H91: Transmission Lines | I91: =RIGHT(A91,3) -> 155 | J91: =RIGHT($A91,2) -> 55
A92: 2156 | C92: საკომუნიკაციო ოპტიკურ ბოჭკოვანი კაბელები | D92: არა | E92: А | F92: =VLOOKUP($A92,Sheet1!A:D,2,FALSE) -> #N/A | G92: t | H92: Fiber optic patch cables | I92: =RIGHT(A92,3) -> 156 | J92: =RIGHT($A92,2) -> 56
A93: 2160 | C93: ოფისის აღჭურვილობა | D93: არა | E93: А | F93: =VLOOKUP($A93,Sheet1!A:D,2,FALSE) -> ოფისის აღჭურვილობა | G93: =EXACT(C93,F93) -> TRUE | H93: Office equipment | I93: =RIGHT(A93,3) -> 160 | J93: =RIGHT($A93,2) -> 60
A94: 2170 | C94: ავეჯი და სხვა ინვენტარი | D94: არა | E94: А | F94: =VLOOKUP($A94,Sheet1!A:D,2,FALSE) -> ავეჯი და სხვა ინვენტარი | G94: =EXACT(C94,F94) -> TRUE | H94: Furniture and fixtures | I94: =RIGHT(A94,3) -> 170 | J94: =RIGHT($A94,2) -> 70
A95: 2180 | C95: სატრანსპორტო საშუალებები | D95: არა | E95: А | F95: =VLOOKUP($A95,Sheet1!A:D,2,FALSE) -> სატრანსპორტო საშუალებები | G95: =EXACT(C95,F95) -> TRUE | H95: Vehicles | I95: =RIGHT(A95,3) -> 180 | J95: =RIGHT($A95,2) -> 80
A96: 2190 | C96: სხვა ძირითადი საშუალებები | D96: არა | E96: А | F96: =VLOOKUP($A96,Sheet1!A:D,2,FALSE) -> იჯარით აღებული ქონების კეთილმოწყობა | G96: t | H96: Other Fixed Assets | I96: =RIGHT(A96,3) -> 190 | J96: =RIGHT($A96,2) -> 90
A97: 2192 | C97: მობილურები | D97: არა | E97: А | F97: =VLOOKUP($A97,Sheet1!A:D,2,FALSE) -> #N/A | G97: t | H97: Mobile phones (Cells) | I97: =RIGHT(A97,3) -> 192 | J97: =RIGHT($A97,2) -> 92
A98: 2195 | C98: გასაყიდი ძირითადი საშუალებები | D98: არა | E98: А | F98: =VLOOKUP($A98,Sheet1!A:D,2,FALSE) -> #N/A | G98: t | H98: Held for sale fixed assets | I98: =RIGHT(A98,3) -> 195 | J98: =RIGHT($A98,2) -> 95
A99: 2196 | C99: ძირითადი საშუალებები მოკვლევაზე | D99: არა | E99: А | F99: =VLOOKUP($A99,Sheet1!A:D,2,FALSE) -> #N/A | G99: t | H99: Fixed assets on survey | I99: =RIGHT(A99,3) -> 196 | J99: =RIGHT($A99,2) -> 96
A100: 2198 | C100: ძირითადი საშუალებები აღრიცხვამდე | D100: არა | E100: А | F100: =VLOOKUP($A100,Sheet1!A:D,2,FALSE) -> #N/A | G100: t | H100: Fixed assets before recognition | I100: =RIGHT(A100,3) -> 198 | J100: =RIGHT($A100,2) -> 98
A101: 2199 | C101: დემონტირებული და ძველი დაუდგმელი ძირითადი საშუალებები | D101: არა | E101: А | F101: =VLOOKUP($A101,Sheet1!A:D,2,FALSE) -> #N/A | G101: t | H101: Dismantled and non-mounted fixed assets | I101: =RIGHT(A101,3) -> 199 | J101: =RIGHT($A101,2) -> 99
A102: 2200 | C102: ძირითადი საშუალებების ცვეთა | D102: არა | E102: П | F102: =VLOOKUP($A102,Sheet1!A:D,2,FALSE) -> ძირითადი საშუალებების ცვეთა | G102: =EXACT(C102,F102) -> TRUE | H102: Accumulated depreciation - Fixed Assets | I102: =RIGHT(A102,3) -> 200 | J102: =RIGHT($A102,2) -> 00
...

Sheet Sheet1
A1: ანგა | B1: Georgian name | C1: English name
A2: 1000 | B2: =TRIM(F2) -> მიმდინარე აქტივები | C2: Current assets | D2: mimdinare aqtivebi | F2: მიმდინარე აქტივები
A3: 1100 | B3: =TRIM(F3) -> ნაღდი ფული სალაროში | C3: Cash on Hand | D3: naRdi fuli salaroSi | F3: ნაღდი ფული სალაროში
A4: 1110 | B4: =TRIM(F4) -> ნაღდი ფული ეროვნულ ვალუტაში | C4: Cash on hand national currency | D4: naRdi fuli erovnul valutaSi | F4: ნაღდი ფული ეროვნულ ვალუტაში
A5: 1120 | B5: =TRIM(F5) -> ნაღდი ფული უცხოურ ვალუტაში | C5: Cash on hand foreign currency | D5: naRdi fuli ucxour valutaSi | F5: ნაღდი ფული უცხოურ ვალუტაში
A6: 1200 | B6: =TRIM(F6) -> ფული საბანკო ანგარიშებზე | C6: Cash in Bank | D6: fuli sabanko angariSebze | F6: ფული საბანკო ანგარიშებზე
A7: 1210 | B7: =TRIM(F7) -> ეროვნული ვალუტა რეზიდენტ ბანკში | C7: Bank - national currency (resident banks) | D7: erovnuli valuta rezident bankSi | F7: ეროვნული ვალუტა რეზიდენტ ბანკში
A8: 1220 | B8: =TRIM(F8) -> უცხოური ვალუტა რეზიდენტ ბანკში | C8: Bank - foreign currency (resident banks) | D8: ucxouri valuta rezident bankSi | F8: უცხოური ვალუტა რეზიდენტ ბანკში
A9: 1230 | B9: =TRIM(F9) -> უცხოური ვალუტა არარეზიდენტ ბანკში | C9: International Bank-foreign currency | D9: ucxouri valuta ararezident bankSi | F9: უცხოური ვალუტა არარეზიდენტ ბანკში
A10: 1290 | B10: =TRIM(F10) -> ფული სხვა საბანკო ანგარიშებზე | C10: Cash on other bank account | D10: fuli sxva sabanko angariSebze | F10: ფული სხვა საბანკო ანგარიშებზე
A11: 1300 | B11: =TRIM(F11) -> მოკლევადიანი ინვესტიციები | C11: Short - term investments | D11: moklevadiani investiciebi | F11: მოკლევადიანი ინვესტიციები
A12: 1310 | B12: =TRIM(F12) -> მოკლევად.ინვესტ.საწარმ.ფასიან ქაღალდებში | C12: Marketable securities | D12: moklevad.invest.sawarm.fasian qaRaldebSi | F12: მოკლევად.ინვესტ.საწარმ.ფასიან ქაღალდებში
A13: 1320 | B13: =TRIM(F13) -> მოკლევად. ინვესტიც.სახ.ფასიან ქაღალდებში | C13: Government securities | D13: moklevad. investic.sax.fasian qaRaldebSi | F13: მოკლევად. ინვესტიც.სახ.ფასიან ქაღალდებში
... A212: 9210 | B212: =TRIM(F212) -> მოგების გადასახადი | C212: Profit tax | D212: mogebis gadasaxadi | F212: მოგების გადასახადი

Sheet 1-Short Term Assets
I1: დანართი №1.1
A2: 1000 | B2: მიმდინარე აქტივები
A3: 1100 | B3: ნაღდი ფული სალაროში
A4: 1110 | B4: ნაღდი ფული ეროვნულ ვალუტაში
A5: 1120 | B5: ნაღდი ფული უცხოურ ვალუტაში
A6: 1200 | B6: ფული საბანკო ანგარიშებზე
A7: 1210 | B7: ეროვნული ვალუტა რეზიდენტ ბანკში
A8: 1220 | B8: უცხოური ვალუტა რეზიდენტ ბანკში
A9: 1230 | B9: უცხოური ვალუტა არარეზიდენტ ბანკში
A10: 1290 | B10: ფული სხვა საბანკო ანგარიშებზე
A11: 1300 | B11: მოკლევადიანი ინვესტიციები
A12: 1310 | B12: მოკლევადიანი ინვესტიციები საწარმოთა ფასიან ქაღალდებში
A13: 1320 | B13: მოკლევადიანი ინვესტიციებისახელმწიფო ფასიან ქაღალდებში
... A57: 1910.2 | B57: სხვა მიმდინარე აქტივები;არარეგულირებადი საქმიანობა

Sheet 2-Long Term Assets
A2: 2000 | B2: გრძელვადიანი აქტივები
A3: 2100 | B3: ძირითადი საშუალებები
A4: 2110 | B4: მიწის ნაკვეთები
A5: 2110.1 | B5: მიწა,რეგულირებადი ელექტროენერგეტიკული საქმიანობა
A6: 2110.11 | B6: მიწა, რეგულირებადი ელექტროენერგეტიკული საქმიანობა, დისპეტჩერიზაცია
A7: 2110.12 | B7: მიწა, რეგულირებადი ელექტროენერგეტიკული საქმიანობა, გადაცემა
A8: 2110.121 | B8: მიწა, რეგულირებადი ელექტროენერგეტიკული საქმიანობა, გადაცემა 500 კვ
A9: 2110.122 | B9: მიწა, რეგულირებადი ელექტროენერგეტიკული საქმიანობა, გადაცემა 400 კვ
A10: 2110.123 | B10: მიწა, რეგულირებადი ელექტროენერგეტიკული საქმიანობა, გადაცემა 330 კვ
A11: 2110.124 | B11: მიწა, რეგულირებადი ელექტროენერგეტიკული საქმიანობა, გადაცემა 220 კვ
A12: 2110.125 | B12: მიწა, რეგულირებადი ელექტროენერგეტიკული საქმიანობა, გადაცემა 110 კვ
A13: 2110.126 | B13: მიწა, რეგულირებადი ელექტროენერგეტიკული საქმიანობა, გადაცემა 35 კვ
... A962: 2690.9 | B962: აკუმულირებული ამორტიზაცია / სხვა არამატერიალური აქტივები, არარეგულირებადი საქმიანობა

Sheet 3-ST Liabilities
A2: 3000 | B2: მიმდინარე ვალდებულებები
A3: 3100 | B3: მოკლევადიანი ვალდებულებები
A4: 3110 | B4: მოწოდებიდან და მომსახურებიდან წარმოქმნილი ვალდებულებები
A5: 3120 | B5: მიღებული ავანსები
A6: 3130 | B6: გადასახდელი ხელფასები
A7: 3140 | B7: როიალტი
A8: 3150 | B8: საკომისიო გადასახდელები
A9: 3160 | B9: ვალდებულებები საწარმოს პერსონალის წინაშე
A10: 3170 | B10: ვალდებულებები მეკავშირე საწაროების წინაშე
A11: 3190 | B11: სხვა მოკლევადიანი ვალდებულებები
A12: 3200 | B12: მოკლევადიანი სესხები
A13: 3210 | B13: მოკლევადიანი სესხები
... A29: 3490 | B29: სხვა დარიცხული ვალდებულებები

Sheet 4-LT Liability
A2: 4000 | B2: გრძელვადიანი ვალდებულებები
A3: 4100 | B3: გრძელვადიანი სასესხო ვალდებულებები
A4: 4110 | B4: გასანაღდებელი ობლიგაციები
A5: 4120 | B5: გასანაღდებელი თამასუქები
A6: 4130 | B6: ვალდებულებები ფინანსურ იჯარაზე
A7: 4140 | B7: გრძელვადიანი სესხები
A8: 4190 | B8: სხვა გრძელვავდიანი სასესხო ვალდებულებები
A9: 4200 | B9: გადავადებული გადასახადები და სხვა გრძელვადიანი ვალდებულებები
A10: 4210 | B10: გადავადებული მოგების გადასახადი
A11: 4220 | B11: სხვა გრძელვადიანი ვალდებულებები
A12: 4300 | B12: ანარიცხები
A13: 4310 | B13: საპენსიო უზრუნველყოფის ანარიცხები
... A16: 4410 | B16: გადავადებული შემოსავალი

Sheet 5-Equity
A2: 5000 | B2: საკუთარი კაპიტალი
A3: 5100 | B3: საწესდებო კაპიტალი
A4: 5110 | B4: ჩვეულებრივი აქციები
A5: 5120 | B5: პრივილეგიური აქციები
A6: 5130 | B6: გამოსყიდული საკუთარი აქციები
A7: 5140 | B7: საემისიო კაპიტალი
A8: 5150 | B8: საწესდებო კაპიტალი შპს-ში
A9: 5200 | B9: პარტნიორთა კაპიტალი (შეზღუდული ქონებრივი პასუხისმგებლობის არმქონე საზოგადოებებში)
A10: 5210 | B10: პარტნიორთა კაპიტალი
A11: 5300 | B11: მოგება/ზარალი
A12: 5310 | B12: გაუნაწილებელი მოგება
A13: 5320 | B13: დაუფარავი ზარალი
... A19: 5490 | B19: სხვა რეზერვები და დაფინანსება

Sheet 6-Income
A2: 6000 | B2: საოპერაციო შემოსავალი
A3: 6100 | B3: საოპერაციო შემოსავლები
A4: 6100.1 | B4: შემოსავალი: რეგულირებადი საქმიანობა
A5: 6100.11 | B5: შემოსავალი: რეგულირებადი საქმიანობა, დისპეტჩერიზაცია
A6: 6100.111 | B6: ტარიფის ტიპი 1 (თეთრი/კვტ.სთ)
A7: 6100.1111 | B7: შემოსავალი
A8: 6100.1112 | B8: კორექტირება
A9: 6100.12 | B9: შემოსავალი: რეგულირებადი საქმიანობა, გადაცემა
A10: 6100.121 | B10: ტარიფის ტიპი 1 (თეთრი/კვტ.სთ)
A11: 6100.1211 | B11: შემოსავალი
A12: 6100.1212 | B12: კორექტირება
A13: 6100.13 | B13: შემოსავალი: რეგულირებადი საქმიანობა, განაწილება (ქსელი)
... A31: 6190 | B31: სხვა საოპერაციო შემოსავლები

Sheet 7-Expenses 
A2: 7000 | B2: საოპერაციო ხარჯები
A3: 7100 | B3: რეალიზებული პროდუქციის თვითღირებულება (პროდუქციის მწარმოებელ და მომსახურების სფეროს საწარმოებისათვის)
A4: 7100.1 | B4: წარმოების (მომსახურების) ღირებულება: რეგულირებადი ელექტროენერგეტიკული საქმიანობა
A5: 7100.11 | B5: მომსახურების ღირებულება: რეგულირებადი ელექტროენერგეტიკული საქმიანობა, დისპეტჩერიზაცია
A6: 7100.111 | B6: მომსახურების ღირებულება, ენერგომომამრაგების ქსელის დისპეტჩერიზაციის საქმიანობა
A7: 7100.1111 | B7: საოპერაციო და მოვლა, შენახვა, მიმდინარე რემონტის ხარჯი
A8: 7100.1111 | B8: პერსონალზე გაწეული საოპერაციო და მოვლა-შენახვის, მიმდინარე რემონტის ხარჯი, დისპეტჩერიზაცია
A9: 7100.1111 | B9: მასალაზე გაწეული საოპერაციო და მოვლა-შენახვის, მიმდინარე რემონტის ხარჯი, დისპეტჩერიზაცია
A10: 7100.1111 | B10: მოწვეულ კონტრაჰენტებზე გაწეული საოპერაციო ხარჯისაოპერაციო და მოვლა-შენახვის, მიმდინარე რემონტის ხარჯი, დისპეტჩერიზაცია
A11: 7100.1111 | B11: მოხმარებულ ელექტროენერგიასა და სხვა კომუნალურ მომსახრებებზე გაწეული საოპერაციო და მოვლა-შენახვის, მიმდინარე რემონტის ხარჯი, დისპეტჩერიზაცია
A12: 7100.1111 | B12: საოპერაციო ლიზინგზე გაწეული საოპერაციო და მოვლა-შენახვის, მიმდინარე რემონტის ხარჯი, დისპეტჩერიზაცია
A13: 7100.1112 | B13: ცვეთა, დისპეტჩერიზაციის საქმიანობა, ძირითადი საშუალებები ექსპლუატაციაში,
... A730: 7700.95 | B730: დანახარჯები არამატერიალური აქტივებზე ექსპლუატაციაში, სხვა

Sheet 8-Non-Oprt I&E
A2: 8000 | B2: არასაოპერაციო შემოსავლები და ხარჯები
A3: 8100 | B3: არასაოპერაციო შემოსავლები
A4: 8100.1 | B4: შემოსავალი გრანტებიდან: რეგულირებადი ელექტროენერგეტიკული საქმიანობა
A5: 8100.11 | B5: შემოსავალი გრანტებიდან: რეგულირებადი ელექტროენერგეტიკული საქმიანობა, დისპეტჩერიზაცია,
A6: 8100.12 | B6: შემოსავალი გრანტებიდან: რეგულირებადი ელექტროენერგეტიკული საქმიანობა, გადაცემა
A7: 8100.13 | B7: შემოსავალი გრანტებიდან: რეგულირებადი ელექტროენერგეტიკული საქმიანობა, განაწილება (ქსელი)
A8: 8100.14 | B8: შემოსავალი გრანტებიდან: რეგულირებადი ელექტროენერგეტიკული საქმიანობა, განაწილება (მიწოდება)
A9: 8100.15 | B9: შემოსავალი გრანტებიდან: რეგულირებადი ელექტროენერგეტიკული საქმიანობა, გენერაცია
A10: 8100.19 | B10: შემოსავალი გრანტებიდან: რეგულირებადი ელექტროენერგეტიკული საქმიანობა, სხვა
A11: 8110 | B11: საპროცენტო შემოსავლები
A12: 8120 | B12: დივიდენდები
A13: 8130 | B13: არასაოპერაციო მოგება
... A25: 8290 | B25: სხვა არასაოპერაციო ხარჯები

Sheet 9-Special I&E
A2: 9000 | B2: განსაკუთრებული და სხვა შემოსავლები და ხარჯები
A3: 9100 | B3: განსაკუთრებელი შემოსავლები და ხარჯები
A4: 9110 | B4: განსაკუთრებული შემოსავლები
A5: 9120 | B5: განსაკუთრებული ხარჯები
A6: 9200 | B6: სხვა ხარჯები
A7: 9210 | B7: მოგების გადასახადი
